 Dungeon Crawl Stone Soup version 0.26-a0-651-gb41185065b (webtiles) character file.

Game seed: 13718572486872630243

9721 Irenicus the Earth Mage (level 11, -2/81 HPs)
             Began as a Deep Dwarf Earth Elementalist on Oct 23, 2020.
             Was an Elder of Makhleb.
             Slain by a cane toad (16 damage)
             ... on level 1 of the Lair of Beasts.
             The game lasted 00:39:57 (5295 turns).

Irenicus the Earth Mage (DDEE)                      Turns: 5295, Time: 00:39:57

Health: -2/81      AC: 10    Str: 12    XL:     11   Next: 26%
Magic:  14/24      EV: 12    Int: 19    God:    Makhleb [****..]
Gold:   469        SH:  0    Dex: 13    Spells: 17/28 levels left

rFire    . . .     SeeInvis .   u - +3 short sword (freeze)
rCold    . . .     Faith    .   (no shield)
rNeg     . . .     Spirit   .   n - +3 steam dragon scales
rPois    +         Reflect  .   x - +0 helmet
rElec    .         Harm     +   r - scarf {harm}
rCorr    .         Rampage  .   (no gloves)
MR       +....                  a - +0 pair of boots
Stlth    ++........             (no amulet)
HPRegen  0.00/turn              o - ring of poison resistance {rPois, !d}
MPRegen  0.19/turn              (no ring)

@: non-regenerating
A: damage resistance, heal wounds, sense surroundings 2, no regeneration
a: Heal Wounds, Minor Destruction, Lesser Servant of Makhleb, Major Destruction,
Renounce Religion


You were on level 1 of the Lair of Beasts.
You worshipped Makhleb.
Makhleb was greatly pleased with you.
You visited 2 branches of the dungeon, and saw 12 of its levels.
You also visited: Sewer.

You collected 601 gold pieces.
You spent 132 gold pieces at shops.

Inventory:

Hand Weapons
 g - a +3 dagger
   (You took it off an orc wizard on level 3 of the Dungeon)
 u - a +3 short sword of freezing (weapon)
   (You took it off a wight in a sewer)
Missiles
 b - 58 stones (quivered)
Armour
 a - a +0 pair of boots (worn)
   (You found it on level 1 of the Dungeon)
 j - a cursed +0 cloak
   (You took it off Maurice on level 10 of the Dungeon)
 n - +3 steam dragon scales (worn)
   (You took it off Maggie on level 7 of the Dungeon)
 r - a scarf of harm (worn)
   (You found it on level 5 of the Dungeon)
 x - a +0 helmet (worn)
   (You found it on level 6 of the Dungeon)
Magical Staves
 A - an uncursed staff of conjuration {!a}
   (You found it on level 8 of the Dungeon)
Jewellery
 o - a ring of poison resistance (left hand) {rPois, !d}
   (You found it on level 5 of the Dungeon)
Wands
 q - a wand of iceblast (7)
   (You bought it in a shop on level 5 of the Dungeon)
 z - a wand of enslavement (3)
   (You found it on level 4 of the Dungeon)
 D - a wand of flame (19)
   (You found it on level 10 of the Dungeon)
Scrolls
 c - a scroll of vulnerability {!r!r}
 d - a scroll of magic mapping {!r}
 e - 13 scrolls of identify
 f - 2 scrolls of teleportation
 i - 6 scrolls of remove curse
 k - a scroll of blinking {!r}
 y - 2 scrolls of immolation {!r}
 C - a scroll of fog
Potions
 h - a potion of invisibility {unknown}
 l - 2 potions of stabbing
 m - 4 potions of curing
 s - a potion of haste
 t - a potion of magic
 v - 5 potions of flight
 w - a potion of might


   Skills:
 - Level 2.1 Dodging
 - Level 2.4 Stealth
 + Level 9.4 Spellcasting
 - Level 0.8 Transmutations
 - Level 16.4 Earth Magic
 + Level 6.1 Evocations


You had 17 spell levels left.
You knew the following spells:

 Your Spells              Type           Power        Failure   Level
a - Sandblast             Erth           ######       0%          1
w - Passwall              Tmut/Erth      #####...     1%          2
x - Stone Arrow           Conj/Erth      #####.       1%          3
z - Lee's Rapid Deconstr  Erth           ######....   1%          5

Your spell library contained the following spells:

 Spells                   Type           Power        Failure   Level
 Petrify                  Tmut/Erth      #####...     2%          4
 Freeze                   Ice            #...         8%          1
 Frozen Ramparts          Ice            #.....       24%         3
 Ozocubu's Armour         Ice            #.......     24%         3
 Hailstorm                Conj/Ice       #.......     61%         4
 Summon Ice Beast         Ice/Summ       #.......     61%         4


Dungeon Overview and Level Annotations

Branches:
Dungeon (11/15)            Temple (0/1) D:6            Lair (1/6) D:8
    Orc (0/2) D:11          Sewer (visited)

Altars:
Cheibriados
Elyvilon
Fedhas
Gozag
Hepliaklqana
Makhleb
Nemelex Xobeh
Okawaru
Qazlal
Trog
Uskayaw
Vehumet
The Shining One

Shops:
D:5 *

Annotations:
D:4 Edmund
D:9 1 runed translucent door, EnegeticOcto's ghost, novice DDDe
Lair:1 exclusion: oklob plant


Innate Abilities, Weirdness & Mutations

You are resistant to damage.
You can heal yourself by infusing magical energy.
You passively map the area around you.
You do not regenerate.


Message History

b - 38 stones You regained 21 hp, and now have 25/81 hp.
You now have 0/24 mp.
You see here a quokka corpse.
Your extra speed is starting to run out.
You feel yourself slow down.
There is a staircase to the Lair here.
You climb downwards.
Welcome to the Lair of Beasts!
An oklob plant comes into view.
Marking area around an oklob plant as unsafe for travelling.
There is a staircase back to the Dungeon here.
The oklob plant spits acid at you. The splash of acid hits you!
* * * LOW HITPOINT WARNING * * *
The acid corrodes you!
You are splashed with acid!
* * * LOW HITPOINT WARNING * * *
You take 21 damage, and have 4/81 hp.
MASSIVE DAMAGE!!
A bullfrog comes into view.
Okay, then.
Casting: Sandblast (safe; 0% risk of failure)
Confirm with . or Enter, or press ? or * to list all spells.
Aiming: Sandblast (safe; 0% risk of failure)
Press: ? - help, Shift-Dir - straight line, f - bullfrog
Aim: a bullfrog The blast of sand hits the bullfrog!!
You kill the bullfrog!
Makhleb accepts your kill.
You feel better.
Your Evocations skill increases to level 6!
b - 37 stones You regained 4 hp, and now have 8/81 hp.
You now have 5/24 mp.
Casting: Sandblast (safe; 0% risk of failure)
Confirm with . or Enter, or press ? or * to list all spells.
You can't see any susceptible monsters within range! (Use Z to cast anyway.)
You now have 431 gold pieces (gained 8).
A water moccasin comes into view.
The water moccasin hisses angrily.
Casting: Sandblast (safe; 0% risk of failure)
Confirm with . or Enter, or press ? or * to list all spells.
Aiming: Sandblast (safe; 0% risk of failure)
Press: ? - help, Shift-Dir - straight line, f - water moccasin
Aim: a water moccasin The blast of sand hits the water moccasin!
The water moccasin is heavily wounded.
b - 36 stones The water moccasin bites you.
* * * LOW HITPOINT WARNING * * *
You take 3 damage, and have 5/81 hp.
You now have 6/24 mp.
Casting: Sandblast (safe; 0% risk of failure)
Confirm with . or Enter, or press ? or * to list all spells.
Aiming: Sandblast (safe; 0% risk of failure)
Press: ? - help, Shift-Dir - straight line, f/p - water moccasin
Aim: a water moccasin (heavily wounded)
The blast of sand hits the water moccasin!!
You kill the water moccasin!
Makhleb accepts your kill.
You feel better.
b - 35 stones You are no longer corroded.
You regained 9 hp, and now have 14/81 hp.
You now have 5/24 mp.
You now have 443 gold pieces (gained 12).
You now have 458 gold pieces (gained 15).
v - 5 potions of flight (gained 1)
A cane toad comes into view.
Found a stone staircase leading down.
You now have 469 gold pieces (gained 11).
Okay, then.
b - 59 stones (gained 24)
You see here 14 gold pieces.
The cane toad gives a loud, deep croak!
You see here a potion of curing.
Casting: Sandblast (safe; 0% risk of failure)
Confirm with . or Enter, or press ? or * to list all spells.
Aiming: Sandblast (safe; 0% risk of failure)
Press: ? - help, Shift-Dir - straight line, f - cane toad
Aim: a cane toad The blast of sand misses the cane toad.
b - 58 stones You now have 17/24 mp.
Casting: Sandblast (safe; 0% risk of failure)
Confirm with . or Enter, or press ? or * to list all spells.
Aiming: Sandblast (safe; 0% risk of failure)
Press: ? - help, Shift-Dir - straight line, f/p - cane toad
Aim: a cane toad
Okay, then.
Unknown command.
Press: ? - help, v - describe, . - travel, g - get item Item here: a potion of curing.
The floor.
Casting: Sandblast (safe; 0% risk of failure)
Confirm with . or Enter, or press ? or * to list all spells.
Aiming: Stone Arrow (safe; 1% risk of failure)
Press: ? - help, Shift-Dir - straight line, f/p - cane toad
Aim: a cane toad The stone arrow hits the cane toad!!
The cane toad is severely wounded.
The cane toad stings you!
You die...

**#..#.* *...# ** *, ,,
##... #..# ##* ,, ####
...#*####..##.### , ,,
##P.#####.###...........,
,
........................,,
,
##.######...#.$.........,,
#.#.####................ ,
........................ ,
♣.........♣.....@.......
♣♣.......♣♣♣...F........,
* * *
......♣♣..............,
♣........♣♣............. ,
........................ ,
....♣...................
....♣♣♣.................
...♣♣♣♣.................,,
....♣......... , ,, , , ,
,


You could see a cane toad.

Vanquished Creatures
  Erolcha (D:9)
  A hydra (D:9)
  3 death yaks (D:8)
  Maurice (D:10)
  A centaur skeleton (D:10)
  A gargoyle (D:10)
  Maggie (D:7)
  A troll (D:10)
  Prince Ribbit (D:8)
  Grinder (Sewer)
  A hippogriff (D:10)
  A wraith (D:11)
  A water moccasin (Lair:1)
  An orc warrior (D:10)
  An ice beast (D:10)
  3 phantoms
  2 sky beasts
  7 ogres
  2 necrophages
  A centaur (D:7)
  2 big kobolds
  2 bullfrogs
  4 scorpions
  17 wights
  2 howler monkeys (D:4)
  7 hounds
  A bullfrog zombie (D:3)
  8 orc priests
  A bullfrog skeleton (D:5)
  10 orc wizards
  A killer bee zombie (D:6)
  5 worker ants
  3 big kobold zombies (Sewer)
  2 hound skeletons
  3 worker ant zombies
  9 gnolls
  14 adders
  5 river rats
  4 shadow imps (Sewer)
  2 white imps
  5 ufetubi
  2 oozes
  3 adder skeletons
  3 worms
  4 dart slugs
  2 leopard geckos
  40 orcs
  11 bats
  3 giant cockroaches
  6 goblins
  9 hobgoblins
  15 jackals
  32 kobolds
  5 quokkas
  5 ball pythons
  7 frilled lizards
  A jackal zombie (D:6)
  A quokka skeleton (D:4)
  8 rats
296 creatures vanquished.

Vanquished Creatures (collateral kills)
  A wight (D:10)
1 creature vanquished.

Vanquished Creatures (others)
  A wight (D:10)
1 creature vanquished.

Grand Total: 298 creatures vanquished

Notes
Turn   | Place    | Note
-------+----------+-------------------------------------------
     0 | D:1      | Irenicus the Deep Dwarf Earth Elementalist began the quest
                  | for the Orb.
     0 | D:1      | Reached XP level 1. HP: 15/15 MP: 3/3
    84 | D:1      | Reached XP level 2. HP: 22/22 MP: 1/4
   179 | D:1      | Reached skill level 5 in Earth Magic
   231 | D:1      | Learned a level 2 spell: Passwall
   391 | D:1      | Reached XP level 3. HP: 21/28 MP: 2/5
   538 | D:2      | Reached skill level 6 in Earth Magic
   574 | D:2      | HP: 5/28 [gnoll (6)]
   591 | D:2      | Found an iron altar of Okawaru.
   652 | D:2      | Reached XP level 4. HP: 36/36 MP: 4/6
   755 | D:2      | Found a faded altar of an unknown god.
   820 | D:2      | Reached skill level 7 in Earth Magic
  1003 | D:3      | Reached XP level 5. HP: 34/42 MP: 0/7
  1122 | D:3      | Reached skill level 8 in Earth Magic
  1265 | D:3      | Found a snail-covered altar of Cheibriados.
  1499 | D:3      | Reached skill level 9 in Earth Magic
  1499 | D:3      | Reached XP level 6. HP: 42/49 MP: 0/8
  1584 | D:4      | Reached skill level 10 in Earth Magic
  1600 | D:4      | Noticed Edmund
  1734 | D:5      | Entered Level 5 of the Dungeon
  1745 | D:5      | Reached XP level 7. HP: 48/55 MP: 3/9
  1895 | D:5      | Reached skill level 11 in Earth Magic
  1954 | D:5      | Found Rulagos's Elemental Accessories.
  1969 | D:5      | Bought a wand of iceblast (8) for 132 gold pieces
  2073 | D:6      | Reached skill level 12 in Earth Magic
  2197 | D:6      | Reached XP level 8. HP: 38/62 MP: 0/10
  2317 | D:6      | Learned a level 5 spell: Lee's Rapid Deconstruction
  2350 | D:6      | Found a radiant altar of Vehumet.
  2350 | D:6      | Found a white marble altar of Elyvilon.
  2350 | D:6      | Found a burning altar of Makhleb.
  2351 | D:6      | Found a glowing golden altar of the Shining One.
  2352 | D:6      | Found a hide-covered altar of Uskayaw.
  2353 | D:6      | Found a stormy altar of Qazlal.
  2358 | D:6      | Became a worshipper of Makhleb the Destroyer
  2396 | D:6      | Found a glowing drain.
  2403 | Sewer    | Entered a sewer
  2523 | Sewer    | Reached skill level 13 in Earth Magic
  2563 | Sewer    | Found an ancient bone altar of Kikubaaqudgha.
  2579 | Sewer    | unholy sewer
  2581 | Sewer    | Reached * piety under Makhleb
  2657 | Sewer    | Noticed Grinder
  2664 | Sewer    | Killed Grinder
  2707 | Sewer    | Reached skill level 14 in Earth Magic
  2785 | D:6      | Found a staircase to the Ecumenical Temple.
  2964 | D:4      | Reached ** piety under Makhleb
  2966 | D:4      | Gained mutation: You passively map the area around you.
                  | [Deep Dwarf growth]
  2966 | D:4      | Reached XP level 9. HP: 31/68 MP: 3/11
  2985 | D:4      | HP: 17/68 [ogre/+0 giant club (14)]
  2987 | D:4      | Reached skill level 15 in Earth Magic
  3022 | D:4      | HP: 14/68 [worker ant (3)]
  3029 | D:4      | HP: 22/102 [phantom (4)]
  3341 | D:7      | Found an opulent altar of Gozag.
  3353 | D:7      | Noticed Maggie
  3365 | D:7      | Killed Maggie
  3365 | D:7      | Reached skill level 16 in Earth Magic
  3420 | D:7      | Found an iron altar of Okawaru.
  3421 | D:7      | Found a bloodstained altar of Trog.
  3508 | D:7      | Learned a level 3 spell: Stone Arrow
  3522 | D:7      | Reached skill level 2 in Spellcasting
  3739 | D:8      | Reached skill level 1 in Evocations
  3786 | D:8      | Reached skill level 3 in Spellcasting
  3833 | D:8      | Found a blossoming altar of Fedhas.
  3833 | D:8      | Found a hazy altar of Hepliaklqana.
  3833 | D:8      | Found a sparkling altar of Nemelex Xobeh.
  3986 | D:8      | Noticed Prince Ribbit
  3992 | D:8      | Killed Prince Ribbit
  3992 | D:8      | Reached skill level 4 in Spellcasting
  3995 | D:8      | Noticed a death yak
  4091 | D:9      | Found a runed translucent door.
  4091 | D:9      | Noticed EnegeticOcto's ghost (novice DDDe)
  4197 | D:9      | Noticed Erolcha
  4204 | D:9      | Killed Erolcha
  4204 | D:9      | Reached skill level 5 in Spellcasting
  4204 | D:9      | Reached XP level 10. HP: 75/75 MP: 2/18
  4273 | D:9      | Noticed a four-headed hydra
  4279 | D:9      | Killed a four-headed hydra
  4279 | D:9      | Reached skill level 6 in Spellcasting
  4309 | D:9      | Reached *** piety under Makhleb
  4530 | D:10     | Entered Level 10 of the Dungeon
  4533 | D:10     | Reached skill level 7 in Spellcasting
  4581 | D:10     | Noticed Maurice
  4605 | D:10     | Killed Maurice
  4623 | D:10     | Noticed a gargoyle
  4627 | D:10     | Killed a gargoyle
  4627 | D:10     | Reached skill level 8 in Spellcasting
  4773 | D:10     | HP: 14/75 [orc warrior/+0 war axe (19)]
  4776 | D:10     | Reached skill level 2 in Evocations
  4871 | D:10     | Reached skill level 3 in Evocations
  4896 | D:11     | Reached **** piety under Makhleb
  4896 | D:11     | Reached XP level 11. HP: 58/81 MP: 0/23
  4901 | D:11     | Noticed a purple ugly thing
  5011 | D:8      | Killed a death yak
  5011 | D:8      | Reached skill level 9 in Spellcasting
  5011 | D:8      | Reached skill level 4 in Evocations
  5034 | D:8      | Found a staircase to the Lair.
  5036 | D:8      | Noticed a death yak
  5056 | D:8      | Noticed a death yak
  5097 | D:8      | HP: 20/81 [death yak (11)]
  5099 | D:8      | HP: 5/81 [death yak (15)]
  5136 | D:8      | Killed a death yak
  5136 | D:8      | Reached skill level 5 in Evocations
  5163 | D:8      | HP: 4/81 [death yak (24)]
  5172 | D:8      | Killed a death yak
  5208 | Lair:1   | Entered Level 1 of the Lair of Beasts
  5208 | Lair:1   | Noticed an oklob plant
  5209 | Lair:1   | HP: 14/81 [oklob plant/splash of acid (11)]
  5209 | Lair:1   | HP: 4/81 [acid (10)]
  5215 | Lair:1   | Reached skill level 6 in Evocations
  5226 | Lair:1   | HP: 5/81 [water moccasin (3)]
  5295 | Lair:1   | Slain by a cane toad

Illustrated notes

, +.......+, ≈ ≈
...⌠... ≈ * ** #.†.#***
#############'#########
#≈≈≈#≈≈≈≈≈≈#...#≈≈≈≈≈≈#
#≈≈≈≈.≈≈≈≈≈K....)≈≈≈≈≈#
#≈≈≈#S.SzK.#...#......#
#≈≈.#S#######≈#######'#
#≈≈≈#.@....#≈≈≈#......#
#≈≈≈#≈≈≈...#≈≈≈#..≈≈≈≈#
#≈≈≈#≈≈≈≈≈...≈...≈≈≈≈≈#
#≈≈≈#≈≈≈≈≈≈#...#≈≈≈≈≈≈#
#≈≈≈#≈≈≈≈≈≈≈...#≈≈≈≈≈≈#
#≈≈≈#≈≈≈≈≈≈#.†)#≈≈≈≈≈≈#
#≈≈≈#≈≈≈≈≈≈#..††≈≈≈≈≈≈#
#≈≈≈#≈≈≈≈≈≈#..(#≈≈≈≈≈≈
#≈≈≈#≈≈≈≈≈≈≈..(#≈≈≈≈≈≈


Turn 2579 on Sewer: unholy sewer

Levels and vault maps discovered:
D:1:      lemuel_arrival_hallway, layout_basic, minmay_misc_feat_doors
D:2:      layout_loops_ring, chequers_ecumenical_altar_twisty,
          okawaru_altar_gauntlet_db
D:3:      layout_basic, kennysheep_slug_shrine, glass_columns_b,
          chequers_serial_rivers_small_a
D:4:      layout_basic, fountainhead, minmay_ruptured, uniq_edmund
D:5:      layout_basic, nicolae_elemental_shop
D:6:      layout_basic, minitemple, minmay_temple_entry_mini_moons,
          lightli_sewer_entry_pipes
D:7:      layout_basic, grunt_temple_overflow_bloody_war, old_standard_altar,
          serial_glass, glass_columns_a, glass_columns_a, uniq_joseph,
          uniq_maggie
D:8:      layout_basic, chequers_temple_overflow_statue_of_worship,
          dpeg_lair_monsters, uniq_prince_ribbit1
D:9:      layout_roguey, hellmonk_ghost_happy_afterlife, wad_dig_loot,
          uniq_erolcha
D:10:     layout_small_grid, uniq_maurice
D:11:     layout_roguey, hiddenorc1_lemuel, serial_shops,
          nicolae_shop_waterfront, kennysheep_mini_moat
Lair:1:   layout_gridlike, nicolae_lair_grove_arrangements,
          dpeg_stationary_puzzle, serial_bayou_shore_b

Skill      XL: |  1  2  3  4  5  6  7  8  9 10 11 |
---------------+----------------------------------+-----
Earth Magic    | 5 6 7 9 10 12 14 16 | 16.4
Spellcasting   | 5 8 9 |  9.4
Evocations     | 1 3 6 |  6.1
Dodging        | |  2.1
Stealth        | |  2.4
Transmutations | |  0.8

Action                   |  1- 3 |  4- 6 |  7- 9 | 10-12 || total
-------------------------+-------+-------+-------+-------++-------
Melee: Unarmed           |    22 |       |       |       ||    22
       Club              |     3 |       |       |       ||     3
       Dagger            |    15 |   105 |    64 |     2 ||   186
       Short sword       |       |       |    48 |     2 ||    50
       Staff             |       |       |       |    19 ||    19
 Cast: Sandblast         |    40 |    65 |   179 |    63 ||   347
       Passwall          |     1 |    11 |    22 |     4 ||    38
       Lee's Rapid Decon |       |       |     2 |    13 ||    15
       Stone Arrow       |       |       |    16 |    10 ||    26
 Abil: Heal Wounds       |     1 |       |       |       ||     1
Evoke: Wand              |       |       |       |    10 ||    10
  Use: Scroll            |       |     6 |    12 |     1 ||    19
       Potion            |       |     1 |     3 |     3 ||     7
 Stab: Sleeping          |     1 |     4 |     3 |     3 ||    11
       Paralysed         |       |       |       |     1 ||     1
Armor: Robe              |    16 |     3 |       |       ||    19
       Ring mail         |       |    43 |    90 |       ||   133
       Steam dragon scal |       |       |    12 |    23 ||    35
Dodge: Dodged            |    67 |    77 |   177 |    38 ||   359

Table legend: (Time is in decaauts)
 A = Elapsed time spent in this place.
 B = Non-inter-level travel time spent in this place.
 C = Inter-level travel time spent in this place.
 D = Time resting spent in this place.
 E = Time spent auto-exploring this place.
 F = Levels seen in this place.
 G = Mean time per level.
                   A        B        C        D        E       F      G
               +--------+--------+--------+--------+--------+-----+--------+
         Total |   5348 |   5329 |     19 |      0 |      0 |  13 |  411.4 |
       Dungeon |   4927 |   4908 |     19 |      0 |      0 |  11 |  447.9 |
          Lair |     86 |     86 |      0 |      0 |      0 |   1 |   86.0 |
         Sewer |    334 |    334 |      0 |      0 |      0 |   1 |  334.0 |
               +--------+--------+--------+--------+--------+-----+--------+

Top non-repeatable levels by time:
     D:3: 671 daAuts
     D:8: 607 daAuts
     D:6: 565 daAuts
     D:2: 531 daAuts
     D:9: 467 daAuts
     D:7: 453 daAuts
     D:5: 437 daAuts
     D:1: 437 daAuts
    D:10: 378 daAuts
     D:4: 358 daAuts
   Sewer: 334 daAuts
  Lair:1: 86 daAuts
    D:11: 18 daAuts

Table legend:
 A = Kills in this place as a percentage of kills in entire the game.
 B = Kills by you in this place as a percentage of kills by you in the entire game.
 C = Kills by friends in this place as a percentage of kills by friends in the entire game.
 D = Other kills in this place as a percentage of other kills in the entire game.
 E = Experience gained in this place as a percentage of experience gained in the entire game.
 F = Experience gained in this place divided by the number of levels of this place that you have seen.
                   A       B       C       D       E      F
               +-------+-------+-------+-------+-------+----------------------
         Total | 100.0 | 100.0 | 100.0 |   N/A | 100.0 | 1068.3
       Dungeon |  88.2 |  88.2 | 100.0 |   N/A |  93.3 | 1177.8
          Lair |   0.7 |   0.7 |   0.0 |   N/A |   1.8 | 247.0
         Sewer |  11.1 |  11.1 |   0.0 |   N/A |   4.9 | 685.0
               +-------+-------+-------+-------+-------+----------------------
